 Dungeon Crawl Stone Soup version 0.24-a0-282-g1a68c91 (webtiles) character file.

Game seed: 16385397614875348890

56 Hylith the Ruffian (level 3, -14/29 HPs)
             Began as a Draconian Transmuter on May 3, 2019.
             Demolished by Crazy Yiuf
             ... wielding a +2 quarterstaff of chaos
              (17 damage)
             ... on level 2 of the Dungeon.
             The game lasted 00:02:37 (1667 turns).

Hylith the Ruffian (Draconian Transmuter)           Turns: 1667, Time: 00:02:38

Health: -14/29     AC:  5    Str: 12    XL:     3   Next: 69%
Magic:  1/6        EV: 12    Int: 14    God:
Gold:   87         SH:  0    Dex: 11    Spells: 6/7 levels left

rFire    . . .     SeeInvis .   j - +1 spear (vamp)
rCold    . . .     Gourm    .   (no shield)
rNeg     . . .     Faith    .   (armour unavailable)
rPois    .         Spirit   .   (helmet restricted)
rElec    .         Reflect  .   (no cloak)
rCorr    .         Harm     .   (no gloves)
MR       .....                  (no boots)
Stlth    +.........             (no amulet)
HPRegen  0.09/turn              (no ring)
MPRegen  0.10/turn              (no ring)

@: no status effects
A: unfitting armour, cold-blooded, AC +5
a: no special abilities


You were on level 2 of the Dungeon.
You were not hungry.

You visited 1 branch of the dungeon, and saw 2 of its levels.

You collected 87 gold pieces.

Inventory:

Hand Weapons
 j - a +1 vampiric spear (weapon)
Missiles
 a - 12 arrows
Wands
 n - a wand of enslavement (8)
Scrolls
 b - 2 scrolls of teleportation {unknown}
 e - 2 scrolls of identify {unknown}
 g - a scroll of remove curse {unknown}
 h - a scroll of fear {unknown}
 l - a scroll of blinking {unknown}
Potions
 d - 2 potions of curing
 f - a potion of heal wounds {unknown}
 k - a potion of lignification {unknown}
 m - a potion of agility {unknown}
 o - a potion of might {unknown}
Comestibles
 c - 2 rations
 i - 3 chunks of flesh


   Skills:
 + Level 2.0 Fighting
 - Level 2.0 Dodging
 + Level 3.4 Unarmed Combat
 * Level 2.5 Spellcasting
 * Level 2.6 Transmutations


You had 6 spell levels left.
You knew the following spells:

 Your Spells              Type           Power        Failure   Level  Hunger
a - Beastly Appendage     Tmut           #.....       8%          1    #......

Your spell library contained the following spells:

 Spells                   Type           Power        Failure   Level  Hunger
 Sticks to Snakes         Tmut           #.......     12%         2    ###....
 Spider Form              Tmut/Pois      #.........   36%         3    ###....
 Ice Form                 Ice/Tmut       #.......     78%         4    #####..
 Blade Hands              Tmut           #.........   91%         5    ######.


Dungeon Overview and Level Annotations

Branches:
Dungeon (2/15)

Altars:

Annotations:
D:2 Crazy Yiuf


Innate Abilities, Weirdness & Mutations

Your plain brown scales are hard. (AC +5)
You cannot fit into any form of body armour.
You are cold-blooded and may be slowed by cold attacks.


Message History

Aim: Crazy Yiuf, wielding a +2 quarterstaff of chaos and wearing a +0 cloak (moderately wounded)
You hit Crazy Yiuf.
Crazy Yiuf is heavily wounded.
Crazy Yiuf closely misses you.
Attack whom?
Press: ? - help, Dir - move target cursor, f/p - Crazy Yiuf
Aim: Crazy Yiuf, wielding a +2 quarterstaff of chaos and wearing a +0 cloak (heavily wounded)
You hit Crazy Yiuf.
Crazy Yiuf is severely wounded.
Crazy Yiuf completely misses you.
Attack whom?
Press: ? - help, Dir - move target cursor, f/p - Crazy Yiuf
Aim: Crazy Yiuf, wielding a +2 quarterstaff of chaos and wearing a +0 cloak (severely wounded)
You hit Crazy Yiuf.
You feel better.
Crazy Yiuf is severely wounded.
Crazy Yiuf hits you with a +2 quarterstaff of chaos.
* * * LOW HITPOINT WARNING * * *
You are electrocuted!
Ouch! That really hurt!
You die...

...##....# #####
#..#...
..##.....###
##.#...
.##......#.# #....(
##.........# #####
#### ##....
#..........# #..)#
#..# #.#.#
...........# #...#
#..# #.#..
...........# ...
#..# #...#
...........# #g#
#..######..#
...........# ##@#
#.........>#
...........# #.##
#...........
.....).....# ##.#
#......####+
......)....# #.##
#......#≈≈≈.
...........# ##.##
#..÷(..#≈...
...........# #...##
#......#≈...
...........# #....#
#......'()⌠.
.....).....# ##..##
#.....[#≈)..
...........###....#
##...####≈...


You could see Crazy Yiuf.

Vanquished Creatures
  An adder (D:2)
  2 worms (D:2)
  2 leopard geckos (D:1)
  5 bats
  6 goblins
  6 hobgoblins
  2 jackals (D:1)
  2 frilled lizards (D:1)
  8 kobolds
  2 rats
36 creatures vanquished.

Notes
Turn   | Place    | Note
-------+----------+-------------------------------------------
     0 | D:1      | Hylith the Draconian Transmuter began the quest for the
                  | Orb.
     0 | D:1      | Reached XP level 1. HP: 16/16 MP: 3/3
   131 | D:1      | Reached XP level 2. HP: 20/23 MP: 5/5
  1058 | D:2      | Reached XP level 3. HP: 29/29 MP: 6/6
  1454 | D:2      | Found a runed translucent door.
  1455 | D:2      | Noticed Crazy Yiuf
  1667 | D:2      | Demolished by Crazy Yiuf

Levels and vault maps discovered:
D:1:      tarquinn_simple_flora_water_f, layout_basic, roderic_lattice_a
D:2:      layout_basic, nicolae_overflow_hidden_temple, nrook_mini_backslash,
          kennysheep_generic_room_11, uniq_crazy_yiuf_cottage

Skill      XL: |  1  2  3 |
---------------+----------+-----
Dodging        | 2 |  2.0
Fighting       | 2 |  2.0
Unarmed Combat | |  3.4
Spellcasting   | |  2.5
Transmutations | |  2.6

Action                   || total
-------------------------++-------
Melee: Unarmed           ||    88
       Tailslap          ||    15
       Spear             ||    50
       Punch             ||     1
  Use: Potion            ||     1
 Stab: Sleeping          ||     4
  Eat: Ration            ||     2
Armor: Skin              ||    31
Dodge: Dodged            ||    97

Table legend:
 A = Non-vault XP
 B = Vault XP
 C = Vault XP percentage of total XP
 D = Non-vault monster count
 E = Vault monster count
 F = Vault count percentage of total count
                 A         B        C        D         E       F
            +---------+---------+-------+---------+---------+-------
      Total |      76 |       4 |   5.0 |      34 |       2 |   5.6
            +---------+---------+-------+---------+---------+-------
        D:1 |      37 |       0 |   0.0 |      21 |       0 |   0.0
        D:2 |      39 |       4 |   9.3 |      13 |       2 |  13.3
            +---------+---------+-------+---------+---------+-------
